 Dungeon Crawl Stone Soup version 0.24-a0-335-g06ca16a (webtiles) character file.

Game seed: 3472748578984575716

115076 Borgoz the Basher (level 16, -5/106 HPs)
             Began as a Gargoyle Gladiator on May 19, 2019.
             Was the Champion of Okawaru.
             Killed by divine providence
             ... invoked by an orc priest
             ... led by an orc knight
              (8 damage)
             ... on level 2 of the Orcish Mines.
             The game lasted 01:01:42 (24326 turns).

Borgoz the Basher (Gargoyle Gladiator)             Turns: 24326, Time: 01:01:42

Health: -5/106     AC: 45    Str: 21    XL:     16   Next: 67%
Magic:  23/23      EV: 11    Int: 11    God:    Okawaru [******]
Gold:   2211       SH:  0    Dex: 18    Spells: 15/15 levels left

rFire    . . .     SeeInvis .   R - +1 morningstar (crush)
rCold    . . .     Gourm    .   (no shield)
rNeg     + + +     Faith    .   N - +1 crystal plate armour of Ymar {rN+ Regen+ rCorr}
rPois    ∞         Spirit   .   j - +1 hat {MR+}
rElec    +         Reflect  .   r - +3 cloak "Edeq Ock" {rN+}
rCorr    +         Harm     .   (no gloves)
MR       ++...                  B - +2 pair of boots
Stlth    ..........             H - amulet of rage
HPRegen  0.67/turn              n - +6 ring of slaying
MPRegen  0.18/turn              C - +5 ring of dexterity

@: flying
A: big wings, horns 1, negative energy resistance 1, electricity resistance,
unbreathing, petrification resistance, rot immunity, AC +12
a: Stop Flying, Heroism, Finesse, Renounce Religion, Evoke Berserk Rage


You were on level 2 of the Orcish Mines.
You worshipped Okawaru.
Okawaru was exalted by your worship.
You were not hungry.

You visited 4 branches of the dungeon, and saw 24 of its levels.
You also visited: Ossuary and Ice Cave.

You collected 2211 gold pieces.

Inventory:

Hand Weapons
 R - a +1 morningstar of crushing (weapon)
Armour
 i - the +2 pair of gloves "Eclas" {rF+ rN+ Int-5}
   (Okawaru gifted it to you in an ice cave)

   It affects your intelligence (-5).
   It protects you from fire.
   It protects you from negative energy.
 j - a +1 hat of magic resistance (worn)
 l - a +0 pair of gloves of dexterity
 r - the +3 cloak "Edeq Ock" (worn) {rN+}
   (You found it on level 5 of the Dungeon)

   It protects you from negative energy.
 B - a +2 pair of boots (worn)
 J - a +1 hat of see invisible
 N - the +1 crystal plate armour of Ymar (worn) {rN+ Regen+ rCorr}
   (Okawaru gifted it to you on level 4 of the Lair of Beasts)

   It protects you from negative energy.
   It increases your rate of regeneration.
   It provides partial protection from all sources of acid and corrosion.
Jewellery
 a - an uncursed ring of protection from fire
 m - an uncursed ring of protection from cold
 n - a +6 ring of slaying (left hand)
 C - a +5 ring of dexterity (right hand)
 H - an amulet of rage (around neck)
 I - an uncursed ring of protection from cold
 P - a +5 ring of evasion
 S - an uncursed ring of protection from fire
 T - a +5 amulet of reflection
Wands
 c - a wand of paralysis (17)
 y - a wand of acid (19)
 z - a wand of disintegration (14)
 G - a wand of digging (8)
 K - a wand of iceblast (28)
 V - a wand of scattershot (6)
 Y - a wand of clouds (4)
Scrolls
 d - 6 scrolls of identify
 h - 8 scrolls of remove curse
 k - a scroll of summoning
 o - 2 scrolls of fog
 t - 4 scrolls of fear
 v - 10 scrolls of teleportation
 w - 6 scrolls of magic mapping
 A - 3 scrolls of holy word
 D - 5 scrolls of blinking
Potions
 b - a potion of resistance
 e - 2 potions of haste
 p - a potion of ambrosia
 s - 3 potions of agility
 u - 3 potions of heal wounds
 x - 6 potions of curing
 F - 3 potions of berserk rage
 U - 2 potions of cancellation
 Z - 3 potions of might
Comestibles
 f - 58 rations
 g - 17 chunks of flesh


   Skills:
 * Level 14.3 Fighting
 * Level 14.6 Maces & Flails
 - Level 1.7 Throwing
 * Level 14.2 Armour
 * Level 12.5 Dodging
 + Level 9.4 Invocations
 - Level 4.5 Evocations


You had 15 spell levels left.
You didn't know any spells.
Your spell library contained the following spells:

 Spells                   Type           Power        Failure   Level  Hunger
 Corona                   Hex            #......      100%        1    ##.....
 Freeze                   Ice            #...         100%        1    ##.....
 Infusion                 Chrm           #...         100%        1    ##.....
 Magic Dart               Conj           #...         100%        1    ##.....
 Shock                    Conj/Air       #...         100%        1    ##.....
 Ensorcelled Hibernation  Hex/Ice        #.....       100%        2    ###....
 Searing Ray              Conj           #.....       100%        2    ###....
 Shroud of Golubria       Chrm/Tloc      #.........   100%        2    ###....
 Slow                     Hex            #.......     100%        2    ###....
 Song of Slaying          Chrm           #.......     100%        2    ###....
 Swiftness                Chrm/Air       #.......     100%        2    ###....
 Throw Frost              Conj/Ice       #.....       100%        2    ###....
 Dazzling Spray           Conj/Hex       #.....       100%        3    ####...
 Inner Flame              Hex/Fire       #.......     100%        3    ####...
 Ozocubu's Armour         Chrm/Ice       #.......     100%        3    ####...
 Portal Projectile        Hex/Tloc       #.....       100%        3    ####...
 Regeneration             Chrm/Necr      #.........   100%        3    ####...
 Spectral Weapon          Hex/Chrm       #.......     100%        3    ####...
 Static Discharge         Conj/Air       #.......     100%        3    ####...
 Airstrike                Air            #.........   100%        4    #####..
 Cause Fear               Hex            #.........   100%        4    #####..
 Force Lance              Conj/Tloc      #.......     100%        4    #####..
 Fulminant Prism          Conj/Hex       #.........   100%        4    #####..
 Iskenderun's Mystic Bla  Conj           #.......     100%        4    #####..
 Leda's Liquefaction      Hex/Erth       #.........   100%        4    #####..
 Summon Ice Beast         Ice/Summ       #.......     100%        4    #####..
 Summon Lightning Spire   Summ/Air       #.......     100%        4    #####..
 Throw Icicle             Conj/Ice       #.......     100%        4    #####..
 Borgnjor's Vile Clutch   Necr/Erth      #.........   100%        5    ######.
 Lightning Bolt           Conj/Air       #.........   100%        5    ######.
 Silence                  Hex/Air        #.........   100%        5    ######.
 Darkness                 Hex            #.........   100%        6    #######
 Deflect Missiles         Chrm/Air       #.........   100%        6    #######
 Ozocubu's Refrigeration  Ice            #.........   100%        6    #######
 Shadow Creatures         Summ           N/A          100%        6    #######
 Ignition                 Fire           #.........   100%        8    #######


Dungeon Overview and Level Annotations

Branches:
Dungeon (15/15)            Temple (1/1) D:4            Lair (6/6) D:9
 Shoals (0/4) Lair:2        Snake (0/4) Lair:3        Slime (0/5) Lair:6
    Orc (2/2) D:10            Elf (0/3) Orc:2        Vaults (0/5) D:14
 Depths (0/5) D:15

Altars:
Ashenzari
Cheibriados
Dithmenos
Elyvilon
Fedhas
Gozag
Hepliaklqana
Kikubaaqudgha
Makhleb
Nemelex Xobeh
Okawaru
Qazlal
Ru
Sif Muna
Trog
Uskayaw
Vehumet
Wu Jian
Xom
Yredelemnul
Zin
The Shining One
Beogh

Shops:
D:9 (


Innate Abilities, Weirdness & Mutations

You are resistant to torment.
Your stone body is resilient. (AC +12)
You are immune to poison.
Your large and strong wings let you fly indefinitely.
You resist negative energy. (rN+)
You are resistant to electric shocks. (rElec)
You can survive without breathing.
You are immune to petrification.
You are immune to rotting.
You have a pair of small horns on your head.


Message History

The ogre mage casts a spell at you. The bolt of fire misses you.
You puncture the two-headed ogre!
Your headbutt misses the two-headed ogre.
The two-headed ogre is moderately wounded.
You feel much better.
The two-headed ogre hits you with a +0 giant spiked club!
* * * LOW HITPOINT WARNING * * *
The two-headed ogre barely misses you.
You hit the two-headed ogre. You headbutt the two-headed ogre.
The two-headed ogre is heavily wounded.
The orc hits you but does no damage. The ogre mage casts a spell at you.
The bolt of fire hits the orc.
The bolt of fire hits you!!
* * * LOW HITPOINT WARNING * * *
You sock the two-headed ogre!
The two-headed ogre is severely wounded.
The orc priest invokes the aid of Beogh against you.
Beogh smites you!
You die...

## #.##.#.#.# ...........
...........##
.............##########
............O#O#O#.#..##
............OOOo@......##
...........oo#O#.#......##
.........).)Oo#######....##
..........)OO## ##......#
........)...O# #.......##
.o........#.##
...........######
...........##
...###.......##.#
.oo.........#
.....####.........
.O########...#
......###.....##.#


You could see 3 two-headed ogres, an ogre mage, 6 ogres, an orc priest and 3
orcs.

Vanquished Creatures
  Gastronok (Lair:3)
  A frost giant (IceCv)
  2 entropy weavers (Lair:4)
  A fire dragon (Lair:6)
  Josephine (D:11)
  3 ogre magi
  4 hydras
  3 vault guards (D:14)
  Fannar (D:12)
  Harold (D:7)
  2 centaur warriors
  A death knight (D:12)
  A catoblepas (Lair:6)
  6 death yaks
  10 two-headed ogres
  The ghost of Yorgos the Covert, a journeyman SpSk of Dithmenos (D:13)
  A queen ant (Lair:4)
  An orc high priest (Orc:2)
  2 tengu warriors
  2 vampire magi
  The ghost of Borbor the Firebug, a novice DrFE of Yredelemnul (D:7)
  A spark wasp zombie (D:15)
  A skeletal warrior (D:15)
  5 wizards
  A shadow dragon zombie (D:15)
  A swamp dragon (Lair:6)
  4 unseen horrors
  A wolf spider zombie (D:15)
  A lindwurm (Lair:6)
  Pikel (D:7)
  2 orc knights
  2 deep elf magi (D:12)
  3 necromancers
  An orc sorcerer (Orc:2)
  An oklob plant (D:15)
  A frost giant zombie (D:15)
  9 ugly things
  2 manticores (D:14)
  4 cyclopes
  A stone giant skeleton (D:15)
  5 elephants (Lair:6)
  An ice statue (IceCv)
  6 black mambas
  2 centaur zombies
  2 molten gargoyles (Lair:3)
  A naga mage (D:12)
  5 centaur skeletons
  A gargoyle (D:15)
  11 spiny frogs
  3 rime drakes
  A freezing wraith (D:12)
  7 komodo dragons
  A queen bee (D:13)
  A guardian mummy (D:15)
  7 trolls
  2 hornets
  Prince Ribbit (D:7)
  6 meliai
  23 polar bears
  3 blink frogs (Lair:3)
  9 hippogriffs
  A dream sheep (Lair:6)
  2 raiju (Lair:6)
  Sigmund (D:3)
  A spriggan (Lair:5)
  2 shadows
  A centaur simulacrum (D:15)
  20 humans
  5 basilisks
  3 hogs (D:7)
  8 wraiths
  52 yaks
  2 fire elementals (Lair:3)
  A wyvern (D:11)
  Eustachio (D:4)
  2 hungry ghosts
  11 vampire mosquitoes
  7 wargs
  A steam dragon (Lair:6)
  27 soldier ants
  4 nagas (Lair:3)
  An acid dragon (D:12)
  11 porcupines
  Duvessa (D:4)
  13 hell hounds (Lair:6)
  10 water moccasins
  A hornet zombie (D:12)
  22 orc warriors
  4 swamp drakes (Lair:6)
  5 ice beasts
  A sky beast (D:11)
  4 slaves (D:7)
  3 eyes of draining
  14 black bears
  12 ogres
  41 wolves
  A phantom (D:13)
  2 necrophages
  11 centaurs
  12 crocodiles
  19 bullfrogs
  2 big kobolds
  Dowan (D:4)
  A water moccasin skeleton (D:8)
  26 killer bees
  3 scorpions
  7 wights
  2 electric eels (D:9)
  2 howler monkeys
  A lava snake (Lair:3)
  8 crimson imps
  2 bullfrog zombies
  4 jellies
  A quasit (D:9)
  11 hounds
  23 orc wizards
  13 orc priests
  8 iguanas
  28 worker ants
  4 hell rats (Lair:3)
  5 hound skeletons
  2 mummies
  A worker ant zombie (D:11)
  A howler monkey zombie (D:5)
  4 gnolls (D:7)
  9 adders
  5 shadow imps
  12 white imps (Lair:5)
  An ooze (D:4)
  An adder zombie (D:6)
  3 adder skeletons
  A worm (D:2)
  4 leopard geckos
  65 orcs
  6 bats
  6 giant cockroaches
  3 goblins (D:1)
  6 hobgoblins
  22 jackals
  22 kobolds
  2 quokkas
  2 ball pythons
  5 frilled lizards
  4 gnoll skeletons (Ossuary)
  6 kobold skeletons (Ossuary)
  A kobold zombie (D:4)
  A leopard gecko zombie (D:7)
  15 orc skeletons (Ossuary)
  An orc zombie (D:4)
  2 quokka skeletons (D:9)
  5 rats
  8 bushes (D:15)
  A fungus (Lair:1)
  5 plants (D:15)
910 creatures vanquished.

Vanquished Creatures (others)
  10 fungi
  15 plants
25 creatures vanquished.

Grand Total: 935 creatures vanquished

Notes
Turn   | Place    | Note
-------+----------+-------------------------------------------
     0 | D:1      | Borgoz the Gargoyle Gladiator began the quest for the Orb.
     0 | D:1      | Reached XP level 1. HP: 12/12 MP: 1/1
   151 | D:1      | Reached XP level 2. HP: 14/17 MP: 2/2
  1153 | D:2      | Reached XP level 3. HP: 6/22 MP: 3/3
  1212 | D:2      | Found a burning altar of Makhleb.
  1563 | D:2      | Reached skill level 1 in Armour
  1649 | D:2      | Found an ornate altar of the Wu Jian Council.
  2067 | D:3      | Reached XP level 4. HP: 27/27 MP: 4/4
  2091 | D:3      | Found a faded altar of an unknown god.
  2149 | D:3      | Found an iron altar of Okawaru.
  2167 | D:3      | Became a worshipper of Warmaster Okawaru
  2223 | D:3      | Noticed Sigmund
  2231 | D:3      | Reached XP level 5. HP: 18/32 MP: 5/5
  2250 | D:3      | Killed Sigmund
  2250 | D:3      | Reached XP level 6. HP: 11/37 MP: 6/6
  2287 | D:3      | Found a white marble altar of Elyvilon.
  2525 | D:3      | Found a basalt altar of Yredelemnul.
  2802 | D:3      | Found a glowing golden altar of the Shining One.
  2917 | D:4      | Found a staircase to the Ecumenical Temple.
  2950 | D:4      | Found a shadowy altar of Dithmenos.
  2992 | D:4      | Noticed Dowan
  2993 | D:4      | Noticed Duvessa
  3012 | D:4      | Killed Duvessa
  3012 | D:4      | Reached * piety under Okawaru
  3019 | D:4      | Killed Dowan
  3019 | D:4      | Reached skill level 5 in Maces & Flails
  3019 | D:4      | Reached XP level 7. HP: 21/42 MP: 7/7
  3032 | D:4      | Found a glowing silver altar of Zin.
  3032 | D:4      | Noticed an angel
  3120 | D:4      | Found a sand-covered staircase.
  3126 | Ossuary  | Entered an ossuary
  3126 | Ossuary  | Noticed a wraith
  3126 | Ossuary  | Noticed a wraith
  3126 | Ossuary  | Noticed a wraith
  3276 | Ossuary  | Noticed a wraith
  3287 | Ossuary  | Killed a wraith
  3654 | D:4      | Noticed Eustachio
  3715 | D:4      | Killed Eustachio
  3715 | D:4      | Reached ** piety under Okawaru
  3765 | Temple   | Entered the Ecumenical Temple
  4029 | D:4      | Noticed a troll
  4034 | D:4      | Reached XP level 8. HP: 40/48 MP: 8/8
  4079 | D:4      | Gained mutation: Your magical capacity is low. (-10% MP)
                  | [potion of mutation]
  4079 | D:4      | Gained mutation: You evolve. [potion of mutation]
  4079 | D:4      | Gained mutation: You have a pair of small horns on your
                  | head. [potion of mutation]
  4082 | D:4      | Killed a troll
  4082 | D:4      | Reached skill level 5 in Dodging
  4322 | D:4      | Found a hazy altar of Hepliaklqana.
  4322 | D:4      | Found a sacrificial altar of Ru.
  4326 | D:4      | Found an ancient bone altar of Kikubaaqudgha.
  4326 | D:4      | Found a shattered altar of Ashenzari.
  4588 | D:5      | Entered Level 5 of the Dungeon
  4832 | D:5      | Got a faintly glowing cloak
  4838 | D:5      | Identified the +3 cloak "Edeq Ock" {rN+} (You found it on
                  | level 5 of the Dungeon)
  5284 | D:5      | Found a snail-covered altar of Cheibriados.
  5300 | D:6      | Reached skill level 5 in Fighting
  5469 | D:6      | Found a stormy altar of Qazlal.
  5811 | D:6      | Found an iron altar of Okawaru.
  5938 | D:7      | Reached *** piety under Okawaru
  5938 | D:7      | Reached XP level 9. HP: 40/54 MP: 8/8
  5962 | D:7      | Reached skill level 5 in Armour
  6049 | D:7      | Noticed Harold
  6074 | D:7      | Killed Harold
  6119 | D:7      | Lost mutation: Your magical capacity is low. (-10% MP)
                  | [evolution]
  6311 | D:7      | Found a transporter.
  6312 | D:7      | Noticed Borbor's ghost (novice DrFE)
  6317 | D:7      | Noticed Pikel
  6318 | D:7      | Found a transporter.
  6322 | D:7      | Paralysed by Pikel for 6 turns
  6354 | D:7      | Killed Pikel
  6354 | D:7      | Reached **** piety under Okawaru
  6657 | D:7      | Noticed Prince Ribbit
  6666 | D:7      | Killed Prince Ribbit
  6666 | D:7      | Reached XP level 10. HP: 58/61 MP: 10/10
  7559 | D:8      | Gained mutation: You have a pair of horns on your head.
                  | [evolution]
  7945 | D:9      | Found Uboimul's Antique Weapon Shop.
  8037 | D:9      | Found a staircase to the Lair.
  8075 | D:9      | Reached skill level 1 in Invocations
  8080 | D:9      | Reached ***** piety under Okawaru
  8091 | D:9      | Reached skill level 1 in Evocations
  8235 | D:9      | Noticed an ogre mage
  8434 | D:9      | Reached XP level 11. HP: 67/68 MP: 12/12
  8505 | D:9      | Paralysed by an ogre mage for 4 turns
  8512 | D:9      | Killed an ogre mage
  8770 | D:9      | Identified the Incunabulum of Blistering Cold
  8846 | D:10     | Entered Level 10 of the Dungeon
  9079 | D:10     | Found a staircase to the Orcish Mines.
  9108 | D:10     | Found a glowing silver altar of Zin.
  9418 | D:10     | Found a roughly hewn altar of Beogh.
  9428 | D:10     | Reached skill level 10 in Maces & Flails
  9595 | D:11     | Received a gift from Okawaru
  9672 | D:11     | Noticed a cyclops
  9676 | D:11     | Noticed a two-headed ogre
  9921 | Lair:1   | Entered Level 1 of the Lair of Beasts
 10073 | Lair:1   | Lost mutation: You have a pair of horns on your head.
                  | [evolution]
 10074 | Lair:1   | Reached ****** piety under Okawaru
 10914 | Lair:2   | Found a staircase to the Shoals.
 10929 | Lair:2   | Received a gift from Okawaru
 11049 | Lair:2   | Reached XP level 12. HP: 76/76 MP: 14/14
 11372 | Lair:2   | Noticed a six-headed hydra
 11381 | Lair:2   | Killed a six-headed hydra
 12147 | Lair:3   | Noticed Gastronok
 12964 | Lair:3   | Found a staircase to the Snake Pit.
 13025 | Lair:3   | Got a jewelled trident
 13068 | Lair:3   | Killed Gastronok
 13068 | Lair:3   | Received a gift from Okawaru
 13068 | Lair:3   | Reached skill level 10 in Fighting
 13087 | Lair:3   | Got a bone great sword {god gift}
 13088 | Lair:3   | Identified the +2 great sword of Emusm {slice, rElec Str-4
                  | Dex+5 Stlth+} (Okawaru gifted it to you on level 3 of the
                  | Lair of Beasts)
 13358 | Lair:3   | Lost mutation: You evolve. [end of evolution]
 13485 | Lair:4   | Reached skill level 10 in Armour
 13497 | Lair:4   | Reached skill level 5 in Invocations
 13520 | Lair:4   | Noticed a five-headed hydra
 13530 | Lair:4   | Killed a five-headed hydra
 13610 | Lair:4   | Reached XP level 13. HP: 71/82 MP: 16/16
 13663 | Lair:4   | Noticed an entropy weaver
 13663 | Lair:4   | Noticed an entropy weaver
 13902 | Lair:4   | Killed an entropy weaver
 13920 | Lair:4   | Received a gift from Okawaru
 13929 | Lair:4   | Got a dazzling crystal plate armour {god gift}
 13940 | Lair:4   | Identified the +1 crystal plate armour of Ymar {rN+ Regen+
                  | rCorr} (Okawaru gifted it to you on level 4 of the Lair of
                  | Beasts)
 14189 | Lair:4   | Reached skill level 10 in Dodging
 14453 | Lair:4   | Killed an entropy weaver
 14725 | Lair:5   | Found a frozen archway.
 14793 | IceCv    | Entered an ice cave
 15334 | IceCv    | Noticed a frost giant
 15360 | IceCv    | Received a gift from Okawaru
 15377 | IceCv    | Killed a frost giant
 15414 | IceCv    | Gained mutation: Your large and strong wings let you fly
                  | indefinitely. [Gargoyle growth]
 15414 | IceCv    | Reached XP level 14. HP: 52/90 MP: 18/18
 15462 | IceCv    | Got a pair of dazzling gloves {god gift}
 15475 | IceCv    | Identified the +2 pair of gloves "Eclas" {rF+ rN+ Int-5}
                  | (Okawaru gifted it to you in an ice cave)
 17157 | Lair:6   | Entered Level 6 of the Lair of Beasts
 17591 | Lair:6   | Found a staircase to the Slime Pits.
 17626 | Lair:6   | Received a gift from Okawaru
 17927 | Lair:6   | Received a gift from Okawaru
 18085 | Lair:6   | Got a smoking battleaxe
 18542 | Lair:1   | Identified the cursed +1 battleaxe of Ynief {chop, Dex+2}
                  | (You found it on level 6 of the Lair of Beasts)
 18650 | D:7      | Killed Borbor's ghost
 19046 | D:11     | Received a gift from Okawaru
 19265 | D:11     | Reached XP level 15. HP: 97/97 MP: 20/20
 19308 | D:11     | Identified the Handbook of Air
 19383 | D:11     | Noticed Josephine
 19391 | D:11     | Killed Josephine
 19932 | D:12     | Noticed Fannar
 19945 | D:12     | Killed Fannar
 20730 | D:12     | Found the +12 glaive of Prune {chop}
 20907 | D:13     | Found a runed translucent gate.
 20919 | D:13     | Received a gift from Okawaru
 21104 | D:13     | Found a runed translucent gate.
 21105 | D:13     | Found a runed translucent gate.
 21107 | D:13     | Noticed Yorgos's ghost (journeyman SpSk)
 21512 | D:13     | Killed Yorgos's ghost
 21851 | D:14     | Found a gate to the Vaults.
 21864 | D:14     | Reached XP level 16. HP: 105/105 MP: 22/22
 21869 | D:14     | Received a gift from Okawaru
 22422 | D:15     | Entered Level 15 of the Dungeon
 22720 | D:15     | Found an opulent altar of Gozag.
 22782 | D:15     | Found a staircase to the Depths.
 23051 | D:15     | Received a gift from Okawaru
 23154 | D:15     | Found a blossoming altar of Fedhas.
 23684 | Orc:1    | Entered Level 1 of the Orcish Mines
 23854 | Orc:1    | Received a gift from Okawaru
 24033 | Orc:2    | Entered Level 2 of the Orcish Mines
 24033 | Orc:2    | Found a staircase to the Elven Halls.
 24325 | Orc:2    | HP: 2/106 [ogre mage/bolt of fire (29)]
 24326 | Orc:2    | Killed from afar by an orc priest

Levels and vault maps discovered:
D:1:      saegor_arrival_simple_b, layout_basic
D:2:      layout_loops_ring, overflow_temple_1_default, old_standard_altar,
          serial_bayou_crossing
D:3:      layout_loops_ring, kennysheep_ying_yang, tso_oasis_becter,
          chequers_ecumenical_altar_simple_redux, okawaru_metal_pillars_1_2,
          uniq_sigmund
D:4:      minmay_clustersquares, layout_basic, grunt_temple_overflow_open,
          zin_angel, nicolae_overflow_hidden_temple,
          minmay_temple_entry_steel_oval, nicolae_ossuary_entry_giza,
          dk_noncrumbling_3, uniq_eustachio, uniq_duvessa
D:5:      layout_basic, kennysheep_mini_moat, first_ration
D:6:      layout_loops_ring, marbit_many_paths, basic_altar
D:7:      layout_basic, gammafunk_ghost_smash, grunt_livestock, uniq_pikel,
          uniq_harold, uniq_prince_ribbit1
D:8:      layout_loops_cross
D:9:      cheibrodos_ideogram_h, layout_basic, erik_lair_island, serial_shops,
          shop
D:10:     layout_basic, minmay_orc_entry_temple_small, basic_altar, hex_tiny
D:11:     layout_roguey, minmay_the_grid_square_5x5_3x3_mashed
          [minmay_the_grid_square_5x5_hourglass,
          minmay_the_grid_square_5x5_plus, minmay_the_grid_square_5x5_checkered,
          minmay_the_grid_square_5x5_bite,
          minmay_the_grid_square_5x5_megaprize_crossed,
          minmay_the_grid_square_5x5_two_walls_a,
          minmay_the_grid_square_5x5_corner,
          minmay_the_grid_square_5x5_two_small,
          minmay_the_grid_square_5x5_pentomino_r], uniq_josephine
D:12:     layout_long_grid, chequers_serial_rivers_small_b,
          minmay_guarded_unrand_prune, uniq_fannar
D:13:     layout_loops_ring, ebering_ghost_rock_garden, special_room
          [special_room_bee]
D:14:     layout_long_grid, grunt_vaults_entry_tiered
D:15:     gammafunk_depths_entry_grave, layout_loops_ring, lemuel_tele_altar,
          tgw_fedhas
Temple:   jpeg_temple_island
Lair:1:   layout_gridlike
Lair:2:   layout_layer_cave, minmay_shoals_entry_centaurs, serial_bayou_shore_b,
          grunt_megastairs_4
Lair:3:   layout_chaotic_city, minmay_snake_entry_guardpost_small,
          uniq_gastronok
Lair:4:   layout_loops_ring, st_stairs_7, minivault_29
Lair:5:   layout_cave_pods, portal_ice_cave_entry_imps,
          grunt_forest_stairs_clearing, serial_bayou_shore_b,
          grunt_megastairs_3, lemuel_fruit_tree
Lair:6:   hangedman_lair_caniforms_friends, layout_misc_corridors,
          guppyfry_lair_end_dragon, slime_dummy, grunt_megastairs_1
Orc:1:    layout_caves
Orc:2:    st_orc_ogre_mass, layout_diamond_mine, nicolae_orc_crystal_geode

Skill      XL: |  1  2  3  4  5  6  7  8  9 10 11 12 13 14 15 16 |
---------------+-------------------------------------------------+-----
Armour         | 1 2 3 4 6 7 8 10 11 12 13 14 | 14.2
Dodging        | 3 4 5 7 8 9 10 11 12 | 12.5
Maces & Flails | 4 5 7 8 9 10 11 12 13 14 | 14.6
Fighting       | 3 4 5 6 7 9 10 11 12 13 14 | 14.3
Invocations    | 1 3 5 6 7 8 9 |  9.4
Evocations     | 1 3 4 |  4.5
Throwing       | |  1.7

Action                   |  1- 3 |  4- 6 |  7- 9 | 10-12 | 13-15 | 16-18 || total
-------------------------+-------+-------+-------+-------+-------+-------++-------
Melee: Flail             |   123 |   123 |   292 |   675 |  1172 |       ||  2385
       Headbutt          |       |       |    27 |   175 |   537 |   182 ||   921
       Dire flail        |       |       |       |       |   648 |    14 ||   662
       Unarmed           |       |       |       |       |     7 |       ||     7
       Morningstar       |       |       |       |       |       |   495 ||   495
Throw: Throwing net      |     1 |     1 |     2 |     2 |       |       ||     6
 Abil: Evoke Berserk Rag |       |       |       |       |     5 |       ||     5
Evoke: Wand              |       |       |     2 |     2 |     2 |       ||     6
  Use: Scroll            |     3 |     3 |     1 |    13 |    13 |     1 ||    34
       Potion            |       |     2 |     1 |       |     2 |     1 ||     6
 Stab: Held in net/web   |       |     2 |     1 |     1 |       |       ||     4
       Confused          |       |       |       |       |     2 |       ||     2
  Eat: Ration            |     1 |       |       |     1 |     1 |       ||     3
       Chunk             |       |     3 |    13 |    20 |    29 |    11 ||    76
Armor: Leather armour    |    34 |       |       |       |       |       ||    34
       Ring mail         |    17 |       |       |       |       |       ||    17
       Chain mail        |     5 |   111 |   208 |   404 |    47 |       ||   775
       Crystal plate arm |       |       |       |       |  1705 |   389 ||  2094
Dodge: Dodged            |    84 |    63 |   183 |   516 |   860 |   225 ||  1931

Table legend:
 A = Non-vault XP
 B = Vault XP
 C = Vault XP percentage of total XP
 D = Non-vault monster count
 E = Vault monster count
 F = Vault count percentage of total count
                 A         B        C        D         E       F
            +---------+---------+-------+---------+---------+-------
      Total |   78958 |   85437 |  52.0 |     517 |     375 |  42.0
            +---------+---------+-------+---------+---------+-------
        D:1 |      27 |       0 |   0.0 |      16 |       0 |   0.0
        D:2 |      53 |       0 |   0.0 |      18 |       0 |   0.0
        D:3 |     103 |     231 |  69.2 |      26 |       1 |   3.7
        D:4 |      88 |     822 |  90.3 |      19 |      11 |  36.7
        D:5 |     234 |       0 |   0.0 |      10 |       0 |   0.0
        D:6 |     364 |      48 |  11.7 |      15 |       1 |   6.2
        D:7 |    1390 |    4060 |  74.5 |      29 |      12 |  29.3
        D:8 |     327 |       0 |   0.0 |       8 |       0 |   0.0
        D:9 |     979 |    2766 |  73.9 |      17 |      26 |  60.5
       D:10 |     659 |     553 |  45.6 |       6 |      10 |  62.5
       D:11 |    5183 |    4875 |  48.5 |      43 |      17 |  28.3
       D:12 |   11392 |    6512 |  36.4 |      57 |       9 |  13.6
       D:13 |    6863 |    3089 |  31.0 |      29 |      21 |  42.0
       D:14 |    8682 |    8556 |  49.6 |      49 |      25 |  33.8
       D:15 |    8058 |    5637 |  41.2 |      27 |       9 |  25.0
     Lair:1 |    3445 |       0 |   0.0 |      18 |       0 |   0.0
     Lair:2 |    3068 |     745 |  19.5 |      12 |       6 |  33.3
     Lair:3 |    5777 |    2895 |  33.4 |      28 |       5 |  15.2
     Lair:4 |    2022 |    8514 |  80.8 |       7 |      47 |  87.0
     Lair:5 |    6731 |    1746 |  20.6 |      16 |      22 |  57.9
     Lair:6 |    8216 |   13500 |  62.2 |      18 |      69 |  79.3
      Orc:1 |    1963 |       0 |   0.0 |      22 |       0 |   0.0
      Orc:2 |    3334 |    8203 |  71.1 |      27 |      10 |  27.0
    Ossuary |       0 |     248 | 100.0 |       0 |      27 | 100.0
      IceCv |       0 |   12437 | 100.0 |       0 |      47 | 100.0
            +---------+---------+-------+---------+---------+-------
